 Dungeon Crawl Stone Soup version 0.30-a0-29-g142975f185 (webtiles) character file.

Game seed: 11447609710992009705

27263 Shayle the Jinx (level 13, -5/98 HPs)
             Began as a Vampire Enchanter on Aug 26, 2022.
             Was a Follower of Ashenzari.
             Shot with an arrow by Nessos (10 damage)
             ... on level 3 of the Lair of Beasts.
             The game lasted 00:58:37 (15124 turns).

Shayle the Jinx (Vampire Enchanter)                Turns: 15124, Time: 00:58:45

Health: -5/98      AC: 17    Str: 15    XL:     13   Next: 3%
Magic:  21/25      EV: 14    Int: 21    God:    Ashenzari [*.....]
Gold:   379        SH:  0    Dex: 14    Spells: 16/28 levels left

rFire   . . .      SeeInvis +    G - +2 rapier (elec)
rCold   . . .      Faith    .    (no shield)
rNeg    . . .      Spirit   .    P - +0 steam dragon scales
rPois   .          Reflect  .    v - +2 helmet
rElec   .          Harm     .    M - +0 cloak
rCorr   .          Rampage  .    n - +2 pair of gloves of the Unveiling Mistrust {Fort, Elem} (curse)
Will    +....                    D - +2 pair of boots
Stlth   +++++.....               s - amulet "Eternal With Me" {Acrobat, Bglg, Comp} (curse)
HPRegen 0.46/turn                i - +6 ring of strength
MPRegen 0.19/turn                B - +4 ring of slaying

@: lethally poisoned (-5 -> -6), confusing by touch, healing quickly, invisible
A: alive, fangs 3, see invisible, vampiric 2
a: Exsanguinate, Renounce Religion, Curse Item, Shatter the Chains


You were on level 3 of the Lair of Beasts.
You worshipped Ashenzari.
Ashenzari was aware of your devotion.
You visited 3 branches of the dungeon, and saw 15 of its levels.

You collected 784 gold pieces.
You spent 405 gold pieces at shops.

Inventory:

Hand Weapons
 h - a +3 dagger of venom
 z - a +1 war axe of electrocution
 G - a +2 rapier of electrocution (weapon)
 J - a +0 scimitar of flaming
 O - a +0 broad axe
Missiles
 o - 4 javelins (quivered)
 E - a curare-tipped dart
Armour
 n - the cursed +2 pair of gloves of the Unveiling Mistrust (worn) {Fort, Elem}
   (You found it on level 3 of the Dungeon)

   It has a curse which improves the following skills: Fortitude: Armour and
   Shields.
   Elements:  Fire Magic, Ice Magic, Air Magic and Earth Magic.
 v - a +2 helmet (worn)
 D - a +2 pair of boots (worn)
 M - a +0 cloak (worn)
 N - the +1 robe of Action {rF++ Str+4 Stlth-}
   (You found it on level 9 of the Dungeon)

   Str:       It affects your strength (+4).
   rF:        It greatly protects you from fire.
   Stlth:     It makes you less stealthy.
 P - +0 steam dragon scales (worn)
Jewellery
 i - a +6 ring of strength (left hand)
 s - the cursed amulet "Eternal With Me" (around neck) {Acrobat, Bglg, Comp}
   (You found it on level 3 of the Dungeon)

   [amulet of the acrobat]

   It increases your evasion while moving and waiting.
   It has a curse which improves the following skills: Beguiling: Conjurations,
   Hexes and Translocations.
   Companions: Summonings and Necromancy.
 y - a +6 ring of intelligence
 B - a +4 ring of slaying (right hand)
 C - a ring of protection from fire
 F - a ring of resist corrosion
 W - a ring of wizardry
Wands
 x - a wand of iceblast (10)
 A - a wand of acid (11)
 H - a wand of mindburst (16)
 I - a wand of digging (7)
 K - a wand of charming (15)
 L - a wand of polymorph (12)
Scrolls
 l - 2 scrolls of immolation
 m - 3 scrolls of poison
 t - a scroll of amnesia
 Q - a scroll of fear
 S - 2 scrolls of teleportation
 T - a scroll of butterflies
 U - a scroll of blinking
 V - a scroll of magic mapping
Potions
 e - 6 potions of curing
 f - 3 potions of mutation
 j - 3 potions of brilliance
 k - a potion of ambrosia
 q - 5 potions of haste
 r - 4 potions of might
 u - 2 potions of magic
 w - 3 potions of lignification
 R - a potion of flight
 X - a potion of heal wounds


   Skills:
 + Level 7.8 Fighting
 - Level 1.1 Short Blades
 + Level 7.6 Axes
 + Level 5.9(6.7) Armour
 - Level 5.5 Dodging
 - Level 12.0 Stealth
 + Level 8.2 Spellcasting
 + Level 13.1(13.9) Hexes
 + Level 7.1(8.0) Ice Magic
 + Level 5.7(6.5) Air Magic


You had 16 spell levels left.
You knew the following spells:

 Your Spells              Type           Power      Damage    Failure   Level
a - Ensorcelled Hibernat  Hex/Ice        100%       N/A       1%          2
b - Confusing Touch       Hex            61%        N/A       1%          3
c - Dazzling Flash        Conj/Hex       76%        N/A       1%          3
d - Airstrike             Air            18%        2d(3-19)  5%          4

Your spell library contained the following spells:

 Spells                   Type           Power      Damage    Failure   Level
 Shock                    Conj/Air       88%        1d8       1%          1
 Inner Flame              Hex/Fire       38%        N/A       1%          3
 Portal Projectile        Hex/Tloc       76%        N/A       1%          3
 Swiftness                Air            36%        N/A       1%          3
 Tukima's Dance           Hex            61%        N/A       1%          3
 Cause Fear               Hex            30%        N/A       1%          4
 Poisonous Vapours        Pois/Air       44%        N/A       3%          2
 Static Discharge         Conj/Air       44%        3-6/arc   3%          2
 Leda's Liquefaction      Hex/Erth       19%        N/A       4%          4
 Magic Dart               Conj           36%        1d4       8%          1
 Sting                    Tmut/Pois      32%        1d4       8%          1
 Mephitic Cloud           Conj/Pois/Air  17%        N/A       10%         3
 Call Imp                 Summ           9%         N/A       12%         2
 Call Canine Familiar     Summ           9%         N/A       22%         3
 Lightning Bolt           Conj/Air       11%        1d24      50%         5
 Olgreb's Toxic Radiance  Pois           8%         N/A       61%         4
 Discord                  Hex            30%        N/A       86%         8
 Maxwell's Capacitive Co  Air            18%        ∞         100%        8


Dungeon Overview and Level Annotations

Branches:
Dungeon (11/15)            Temple (1/1) D:5            Lair (3/5) D:11
  Snake (0/4) Lair:2
  Swamp: Lair:2-3    Shoals: Lair:2-3       Orc: D:9-12

Altars:
Ashenzari
Cheibriados
Fedhas
Gozag
Hepliaklqana
Kikubaaqudgha
Makhleb
Nemelex Xobeh
Qazlal
Sif Muna
Trog
Uskayaw
Vehumet
Wu Jian
Xom
Yredelemnul

Shops:
D:2 :(   D:7 ([!![

Annotations:
D:9 2 runed translucent doors
D:11 2 transporters
Lair:3 Nessos


Innate Abilities, Weirdness & Mutations

Your natural rate of healing is accelerated.
You have razor-sharp teeth.
You have supernaturally acute eyesight. (SInv)
You are afflicted with vampirism and can become a bat while bloodless.


Message History

You are more poisoned.
Nessos shoots an arrow.
The arrow hits you! The arrow burns you.
You are lethally poisoned!
You feel better.
Nessos gestures wildly while chanting.
Nessos blinks!
Nessos shoots an arrow.
The arrow hits you! The arrow burns you.
You are poisoned.
* * * LOW HITPOINT WARNING * * *
Unknown command.
Okay, then.
As you read the scroll of fear, it crumbles to dust.
You assume a fearsome visage.
Nessos looks frightened!
You feel very sick.
Nessos gestures wildly while chanting.
Nessos blinks!
Nessos mumbles some strange words.
Nessos blinks!
You feel sick.
Nessos cries, "Help!"
Nessos gestures wildly while chanting.
Nessos blinks!
Nessos mumbles some strange words.
Nessos blinks!
Nessos gestures wildly while chanting.
Nessos blinks!
You feel sick.
Nessos gestures wildly while chanting.
Nessos blinks!
Nessos cries, "Mercy!"
Nessos mumbles some strange words.
Nessos blinks!
You feel sick.
Nessos shoots an arrow.
The arrow misses you.
You fade into invisibility!
You feel sick.
Nessos seems to regain their courage.
Nessos shoots an arrow.
The arrow hits you!
* * * LOW HITPOINT WARNING * * *
The arrow burns you.
* * * LOW HITPOINT WARNING * * *
Nessos shoots an arrow.
The arrow hits you!
You die...

......# .###.......## #.#...#
................#. #...§.
#..........#.###..
##...######....P #...P.##...
#.....##.#....# ##........<.
##............# #........#..
.####P..§.........###.....†..#..
..................#.#...........
........§c......@............P###
..####.#............[.....#######
. ###..................# #..
.#####.#..........#####...## #..
...##.#...........# #....####..
..................# #..†.......
......P...........# ##.....>...
.......P..........## ###.........
#.##.#.............#P#P..........


You could see Nessos (fast, unable to see you).

Vanquished Creatures
  4 hydras
  A boulder beetle (Lair:2)
  2 two-headed ogres
  Erica (D:8)
  Nergalle (D:10)
  Pikel (D:5)
  A lindwurm (Lair:1)
  Maurice (D:8)
  4 torpor snails (Lair:1)
  2 unseen horror zombies (D:10)
  6 cane toads
  Maggie (D:9)
  2 unseen horrors (D:11)
  4 kobold demonologists
  A freezing wraith (D:11)
  4 komodo dragons
  2 trolls
  Grinder (D:5)
  Prince Ribbit (D:5)
  5 blink frogs
  A vampire (D:10)
  3 wyverns
  4 shadows (D:11)
  26 yaks
  A steam dragon (D:9)
  2 basilisks
  6 vampire mosquitoes (D:11)
  Menkaure (D:5)
  An acid dragon (D:10)
  4 nagas (Lair:2)
  6 water moccasins
  4 ice beasts
  A sky beast (D:7)
  2 orc warriors
  A black bear (D:11)
  6 wolves (Lair:3)
  3 centaurs
  A phantom (D:7)
  3 kobold brigands
  2 necrophages
  11 bullfrogs
  3 scorpions
  4 wights (D:10)
  10 killer bees (D:10)
  A howler monkey (D:8)
  A crimson imp (D:3)
  A human zombie (D:10)
  3 centaur zombies (D:10)
  2 hounds
  4 jellies
  An orc priest (D:4)
  A gnoll bouda (D:8)
  Ijyb (D:5)
  4 iguanas
  3 orc wizards
  4 mummies (D:10)
  A howler monkey zombie (D:10)
  Robin (D:3)
  5 gnolls (D:8)
  7 adders
  3 shadow imps
  A white imp (D:6)
  An ufetubus (D:4)
  A dart slug (D:3)
  3 worms
  23 orcs
  2 ball pythons
  4 bats (D:1)
  7 endoplasms
  7 giant cockroaches
  16 goblins
  11 hobgoblins
  4 jackals
  24 kobolds
  8 quokkas
  6 frilled lizards
  10 rats
  A spectral kobold (D:1)
323 creatures vanquished.

Vanquished Creatures (others)
  An orc warrior (D:9)
  74 fungi
  65 plants
140 creatures vanquished.

Grand Total: 463 creatures vanquished

Notes
Turn   | Place    | Note
-------+----------+-------------------------------------------
     0 | D:1      | Shayle the Vampire Enchanter began the quest for the Orb.
     0 | D:1      | Reached XP level 1. HP: 13/13 MP: 3/3
   318 | D:1      | Reached XP level 2. HP: 20/20 MP: 5/5
   675 | D:1      | Found a faded altar of an unknown god.
   821 | D:1      | Gained mutation: You are afflicted with vampirism and can
                  | become a bat while bloodless. [Vampire growth]
   821 | D:1      | Reached XP level 3. HP: 25/25 MP: 6/6
   937 | D:2      | Found Heismev's Book Emporium.
   952 | D:1      | Learned a level 2 spell: Ensorcelled Hibernation
   956 | D:1      | Learned a level 3 spell: Confusing Touch
   992 | D:1      | Reached skill level 1 in Fighting
   992 | D:1      | Reached skill level 5 in Stealth
  1116 | D:2      | Reached skill level 5 in Hexes
  1116 | D:2      | Found Merovoak's Antique Weapon Shop.
  1299 | D:2      | Reached XP level 4. HP: 32/32 MP: 7/7
  1303 | D:2      | Found an ancient bone altar of Kikubaaqudgha.
  2315 | D:3      | Found a radiant altar of Vehumet.
  2315 | D:3      | Found a burning altar of Makhleb.
  2582 | D:4      | Reached XP level 5. HP: 37/37 MP: 6/9
  2733 | D:4      | Noticed Robin
  2750 | D:3      | Killed Robin
  2908 | D:4      | Found a shimmering blue altar of Sif Muna.
  2909 | D:4      | Found an ancient bone altar of Kikubaaqudgha.
  2914 | D:4      | Found an ornate altar of the Wu Jian Council.
  2915 | D:4      | Found an opulent altar of Gozag.
  2918 | D:4      | Found a stormy altar of Qazlal.
  3056 | D:4      | Reached skill level 1 in Axes
  3265 | D:4      | Reached XP level 6. HP: 35/44 MP: 1/10
  3332 | D:2      | Bought a runed war axe for 195 gold pieces
  3451 | D:4      | Reached skill level 6 in Hexes
  3843 | D:5      | Entered Level 5 of the Dungeon
  3851 | D:5      | Noticed Ijyb
  3852 | D:5      | Reached XP level 7. HP: 43/51 MP: 12/12
  3950 | D:5      | Found a staircase to the Ecumenical Temple.
  4127 | D:5      | Killed Ijyb
  4137 | Temple   | Entered the Ecumenical Temple
  4145 | Temple   | Became a worshipper of Ashenzari the Shackled
  4404 | D:5      | Noticed Pikel
  4418 | D:5      | Killed Pikel
  4419 | D:5      | Reached skill level 7 in Hexes
  4419 | D:5      | Reached XP level 8. HP: 46/58 MP: 12/14
  4773 | D:5      | Noticed Grinder
  4780 | D:5      | Killed Grinder
  4781 | D:5      | Reached skill level 5 in Dodging
  4785 | D:5      | Learned a level 3 spell: Dazzling Flash
  4811 | D:5      | Noticed Menkaure
  4820 | D:5      | Killed Menkaure
  4886 | D:5      | Noticed Prince Ribbit
  4915 | D:5      | Killed Prince Ribbit
  4916 | D:5      | Reached skill level 8 in Hexes
  5137 | D:5      | Found a bloodstained altar of Trog.
  5692 | D:6      | Reached * piety under Ashenzari
  5700 | D:6      | Reached XP level 9. HP: 65/65 MP: 11/16
  5746 | D:6      | Found a hazy altar of Hepliaklqana.
  5795 | D:6      | Reached skill level 5 in Spellcasting
  6179 | D:6      | Reached skill level 1 in Ice Magic
  6332 | D:7      | Found Kiumoab's Distillery.
  6375 | D:7      | Found Geopill's Antique Armour Emporium.
  6407 | D:7      | Found Ites's Distillery.
  6419 | D:7      | Reached skill level 1 in Armour
  6744 | D:7      | Found Unotyeff's Weapon Boutique.
  6819 | D:7      | Found Xoleilea's Armour Boutique.
  7357 | D:8      | Reached skill level 9 in Hexes
  7453 | D:2      | Bought a runed rapier for 210 gold pieces
  7658 | D:8      | Noticed a two-headed ogre
  7698 | D:8      | Killed a two-headed ogre
  7703 | D:8      | Reached skill level 5 in Fighting
  7707 | D:8      | Reached XP level 10. HP: 32/74 MP: 10/18
  7755 | D:8      | Reached skill level 10 in Stealth
  7880 | D:8      | Found a shimmering altar of Xom.
  7881 | D:8      | Identified the +1 buckler "Sasakis" {+Blink Regen+ Str-5
                  | Dex+3}
  7903 | D:8      | Noticed Erica
  7919 | D:8      | Killed Erica
  7920 | D:8      | Reached skill level 5 in Axes
  8149 | D:8      | Reached skill level 10 in Hexes
  8209 | D:8      | Noticed Maurice
  8218 | D:8      | Killed Maurice
  8618 | D:9      | Identified the +1 robe of Action {rF++ Str+4 Stlth-}
  8647 | D:9      | Noticed Maggie
  8657 | D:9      | Killed Maggie
  8877 | D:9      | Found a large runed translucent door.
  8877 | D:9      | Found a large runed translucent door.
  8878 | D:9      | Noticed a two-headed ogre
  8890 | D:9      | Learned a level 4 spell: Airstrike
  8900 | D:9      | Noticed a two-headed ogre
  8996 | D:9      | Reached skill level 1 in Air Magic
  9143 | D:9      | Found a blossoming altar of Fedhas.
  9410 | D:10     | Entered Level 10 of the Dungeon
  9574 | D:10     | Reached XP level 11. HP: 81/81 MP: 15/20
  9849 | D:10     | Noticed a seven-headed hydra
  9858 | D:10     | Killed a seven-headed hydra
 10006 | D:10     | Noticed Nergalle
 10012 | D:10     | Killed Nergalle
 10013 | D:10     | Reached skill level 11 in Hexes
 10384 | D:10     | Found a basalt altar of Yredelemnul.
 10468 | D:10     | Reached skill level 5 in Ice Magic
 10901 | D:11     | Noticed a two-headed ogre
 11028 | D:11     | Killed a two-headed ogre
 11263 | D:11     | Found a transporter.
 11263 | D:11     | Noticed an ogre mage
 11337 | D:11     | Found a staircase to the Lair.
 11492 | D:11     | Found a transporter.
 11492 | D:11     | Noticed an orc sorcerer
 11503 | D:11     | Found a faded altar of an unknown god.
 11505 | D:11     | Found a faded altar of an unknown god.
 11505 | D:11     | Found a hazy altar of Hepliaklqana.
 11507 | D:11     | Found a faded altar of an unknown god.
 11646 | D:11     | Identified the +1 scale mail of Qoyrar {rC+ Str+2}
 11711 | D:11     | Reached XP level 12. HP: 60/89 MP: 11/22
 12004 | Lair:1   | Entered Level 1 of the Lair of Beasts
 12196 | Lair:1   | Reached skill level 12 in Hexes
 12259 | Lair:1   | Reached skill level 5 in Armour
 12555 | Lair:1   | Found a snail-covered altar of Cheibriados.
 13345 | Lair:2   | Noticed a boulder beetle
 13359 | Lair:2   | Killed a boulder beetle
 13360 | Lair:2   | Reached skill level 5 in Air Magic
 13392 | Lair:2   | Found a staircase to the Snake Pit.
 13694 | Lair:2   | Noticed a six-headed hydra
 13719 | Lair:2   | Killed a six-headed hydra
 14163 | Lair:2   | Noticed a four-headed hydra
 14176 | Lair:2   | Killed a four-headed hydra
 14342 | Lair:2   | Reached skill level 13 in Hexes
 14470 | Lair:2   | Noticed an eight-headed hydra
 14486 | Lair:2   | Killed an eight-headed hydra
 14955 | Lair:3   | Reached XP level 13. HP: 85/98 MP: 25/25
 15107 | Lair:3   | Noticed Nessos
 15124 | Lair:3   | Shot with an arrow by Nessos

Illustrated notes

Levels and vault maps discovered:
D:1:      minmay_arrival_widening_spiral_narrow, layout_loops_cross,
          dreamdust_ecumenical_altar_drowned_temple, dreamdust_mushroom_princess
D:2:      layout_rooms, serial_shops, shop_coins, nicolae_square_shop,
          basic_altar
D:3:      layout_basic, grunt_temple_overflow_lords_of_destruction,
          roderic_lattice_a
D:4:      layout_rooms, minitemple, uniq_robin
D:5:      layout_layer_cave, trog_butcher_becter, minmay_temple_entry_mist,
          kennysheep_generic_room_9, uniq_grinder, uniq_menkaure,
          uniq_prince_ribbit1, uniq_ijyb, uniq_pikel
D:6:      layout_loops_cross, kennysheep_little_box, serial_bayou_pond_c,
          corexii_item_surrounded_by_moat
D:7:      layout_basic, elyvilon_altar_1, serial_shops, shop,
          nicolae_shop_crystal, nicolae_shop_temple_entry_statues_fountains,
          nicolae_stop_n_shop_1, nicolae_square_shop, grunt_decor_cap,
          minivault_24
D:8:      layout_basic, mainiacjoe_overflow_catwalk, uniq_maurice, uniq_erica
D:9:      okawaru_arena_lexackson, layout_cave_pools,
          mainiacjoe_overflow_boulevard, chequers_serial_rivers_small_3,
          minivault_26, hangedman_decor_points, uniq_maggie
D:10:     layout_stronghold, lemuel_mausoleum_altar_yredelemnul,
          kennysheep_decorative_pillar, minmay_misc_feat_encased, uniq_nergalle
D:11:     gammafunk_beogh_shrine, layout_loops_ring,
          due_lair_maze_entry_diamond, nicolae_hepliaklqana_ecumenical_no_more
Temple:   dpeg_three_leaves_temple
Lair:1:   layout_concentric_octagons, st_stairs_6,
          eino_small_chamber_without_monster, kennysheep_snail_temple
Lair:2:   layout_layer_cave, minmay_snake_entry_guardpost_small, minmay_holes,
          serial_bayou_pond_e
Lair:3:   layout_small_grid, minmay_shoals_entry_hut, grunt_megastairs_5,
          uniq_kirke, uniq_nessos

Skill      XL: |  1  2  3  4  5  6  7  8  9 10 11 12 |
---------------+-------------------------------------+-----
Fighting       | 1 2 3 4 5 6 7 |  7.8
Stealth        | 5 6 7 8 9 11 12 | 12.0
Hexes          | 5 6 7 8 9 10 11 13 | 13.1
Dodging        | 3 4 5 |  5.5
Spellcasting   | 3 4 5 6 7 8 |  8.2
Axes           | 1 3 4 5 6 7 |  7.6
Ice Magic      | 2 4 5 7 |  7.1
Armour         | 2 3 4 5 |  5.9
Air Magic      | 1 3 5 |  5.7
Short Blades   | |  1.1

Action                   |  1- 3 |  4- 6 |  7- 9 | 10-12 | 13-15 || total
-------------------------+-------+-------+-------+-------+-------++-------
Melee: Dagger            |   110 |    84 |    98 |       |       ||   292
       Bite              |     9 |    10 |    14 |    56 |       ||    89
       Punch             |     1 |       |       |     5 |       ||     6
       War axe           |       |    33 |    21 |       |       ||    54
       Rapier            |       |       |    11 |   383 |     8 ||   402
 Cast: Ensorcelled Hiber |     3 |    26 |    31 |   158 |     8 ||   226
       Confusing Touch   |       |       |     5 |    21 |     1 ||    27
       Airstrike         |       |       |       |     1 |       ||     1
Invok: Curse Item        |       |       |     2 |       |       ||     2
Evoke: Wand              |       |       |       |     5 |       ||     5
  Use: Scroll            |       |     3 |    10 |     3 |     1 ||    17
       Potion            |       |     1 |       |     5 |     2 ||     8
 Stab: Sleeping          |     7 |    25 |    30 |   114 |     5 ||   181
       Distracted        |       |     1 |       |     2 |       ||     3
       Confused          |       |       |     4 |    16 |       ||    20
       Invisible         |       |       |       |     2 |       ||     2
Armor: Robe              |    30 |    21 |    20 |    12 |       ||    83
       Steam dragon scal |       |       |       |   241 |     4 ||   245
Dodge: Dodged            |    78 |    92 |    66 |   466 |    13 ||   715

Table legend: (Time is in decaauts)
 A = Elapsed time spent in this place.
 B = Non-inter-level travel time spent in this place.
 C = Inter-level travel time spent in this place.
 D = Time resting spent in this place.
 E = Time spent auto-exploring this place.
 F = Levels seen in this place.
 G = Mean time per level.
                   A        B        C        D        E       F      G
               +--------+--------+--------+--------+--------+-----+--------+
         Total |  15279 |  14086 |   1193 |   2114 |   8542 |  15 | 1018.6 |
       Dungeon |  12193 |  11127 |   1066 |   1347 |   7074 |  11 | 1108.5 |
        Temple |     16 |      8 |      8 |      0 |      0 |   1 |   16.0 |
          Lair |   3069 |   2951 |    118 |    767 |   1467 |   3 | 1023.0 |
               +--------+--------+--------+--------+--------+-----+--------+

Top non-repeatable levels by time:
     D:5: 1883 daAuts
     D:3: 1431 daAuts
  Lair:2: 1413 daAuts
    D:10: 1371 daAuts
    D:11: 1321 daAuts
  Lair:1: 1269 daAuts
     D:1: 1062 daAuts
     D:8: 1055 daAuts
     D:4: 1025 daAuts
     D:9: 897 daAuts
     D:6: 812 daAuts
     D:7: 780 daAuts
     D:2: 553 daAuts
  Lair:3: 386 daAuts
  Temple: 16 daAuts
